| TOP OF THE 1ST |
|
Winston-Salem Spirits batting - Pitching for Greensboro Hornets : RHP Mark Dacko
|
|
Pitching: RHP Mark Dacko
|
|
|
Batting: SHB Mark Wiesler
|
0-0: Called Strike 0-1: DOUBLE (Line Drive, 89D, EV 112.5 MPH)
|
|
Batting: RHB Buddy Bailey
|
0-0: Fly out, F7 (Flyball, 78S, EV 88.8 MPH)
|
|
Batting: RHB Craig Robinson
|
0-0: Ball 1-0: Called Strike 1-1: Called Strike 1-2: Foul Ball, location: 2F 1-2: Ground out 3-1 (Groundball, 34, EV 85.6 MPH) Mark Wiesler to third
|
|
Batting: LHB Jerome Coleman
|
0-0: Ball 1-0: Ball 2-0: Fly out, F9 (Line Drive, 9D, EV 91.9 MPH)
|
| Top of the 1st over - 0 runs, 1 hit, 0 errors, 1 left on base; Winston-Salem 0 - Greensboro 0 |
| BOTTOM OF THE 1ST |
|
Greensboro Hornets batting - Pitching for Winston-Salem Spirits : RHP David Wilhelmi
|
|
Pitching: RHP David Wilhelmi
|
|
|
Batting: LHB Ozzie Guillen
|
0-0: Fly out, F9 (Flyball, 9LM, EV 78.8 MPH)
|
|
Batting: SHB Mark Bailey
|
0-0: SOLO HOME RUN (Flyball, 9LD, EV 99.4 MPH), Distance : 365 ft
|
|
Batting: LHB Preston Cash
|
0-0: Foul Ball, location: 2F 0-1: Ball 1-1: Ball 2-1: Foul Ball, location: 2F 2-2: Ball 3-2: Strikes out looking
|
|
Batting: LHB Fernando Vazquez
|
0-0: Ball 1-0: Foul Ball, location: 2F 1-1: Ball 2-1: Foul Ball, location: 2F 2-2: Foul Ball, location: 2F 2-2: Ball 3-2: Base on Balls
|
|
Batting: LHB Francisco Melendez
|
0-0: Ground out 4-3 (Groundball, 4, EV 92.5 MPH)
|
| Bottom of the 1st over - 1 run, 1 hit, 0 errors, 1 left on base; Winston-Salem 0 - Greensboro 1 |
| TOP OF THE 2ND |
|
Winston-Salem Spirits batting - Pitching for Greensboro Hornets : RHP Mark Dacko
|
|
Batting: RHB Greg Olson
|
0-0: Ball 1-0: Ball 2-0: Ground out 4-3 (Groundball, 34, EV 103.8 MPH)
|
|
Batting: RHB Angelo Ross
|
0-0: Called Strike 0-1: Ball 1-1: Called Strike 1-2: Ball 2-2: Ball 3-2: Foul Ball, location: 2F 3-2: Strikes out swinging
|
|
Batting: RHB Larry Reasonover
|
0-0: Ball 1-0: Called Strike 1-1: Ball 2-1: SINGLE (Groundball, 34D, EV 103.8 MPH)
|
|
Batting: RHB Ell Roberson
|
0-0: Called Strike 0-1: Foul Ball, location: 2F 0-2: Foul Ball, location: 2F 0-2: Ball 1-2: Ball 2-2: Foul Ball, location: 2F 2-2: Strikes out swinging
|
| Top of the 2nd over - 0 runs, 1 hit, 0 errors, 1 left on base; Winston-Salem 0 - Greensboro 1 |
| BOTTOM OF THE 2ND |
|
Greensboro Hornets batting - Pitching for Winston-Salem Spirits : RHP David Wilhelmi
|
|
Batting: RHB Bernardo Brito
|
0-0: Swinging Strike 0-1: Ball 1-1: Swinging Strike 1-2: Strikes out looking
|
|
Batting: LHB Stephen DeMatties
|
0-0: Swinging Strike 0-1: Ball 1-1: Foul Ball, location: 2F 1-2: Strikes out swinging
|
|
Batting: LHB John Hughes
|
0-0: Ball 1-0: Fly out, F3 (Popup, 34, EV 73.1 MPH)
|
| Bottom of the 2nd over - 0 runs, 0 hits, 0 errors, 0 left on base; Winston-Salem 0 - Greensboro 1 |
| TOP OF THE 3RD |
|
Winston-Salem Spirits batting - Pitching for Greensboro Hornets : RHP Mark Dacko
|
|
Batting: RHB Kelly Miller
|
0-0: Foul Ball, location: 2F 0-1: Ball 1-1: Ground out 6-3 (Groundball, 6, EV 86.3 MPH)
|
|
Batting: SHB Mark Wiesler
|
0-0: Swinging Strike 0-1: Swinging Strike 0-2: Ball 1-2: Strikes out looking
|
|
Batting: RHB Buddy Bailey
|
0-0: Called Strike 0-1: Called Strike 0-2: Ball 1-2: Strikes out swinging, 2-3 out at first.
|
| Top of the 3rd over - 0 runs, 0 hits, 0 errors, 0 left on base; Winston-Salem 0 - Greensboro 1 |
| BOTTOM OF THE 3RD |
|
Greensboro Hornets batting - Pitching for Winston-Salem Spirits : RHP David Wilhelmi
|
|
Batting: RHB Ed Romero
|
0-0: Ball 1-0: Ball 2-0: Ground out 6-3 (Groundball, 6, EV 105.0 MPH)
|
|
Batting: LHB Ozzie Guillen
|
0-0: Ball 1-0: Reached on error, E6 (Groundball, 56D, EV 76.3 MPH)
|
|
Batting: SHB Mark Bailey
|
0-0: Ball 1-0: Fly out, F9 (Flyball, 9LM, EV 92.5 MPH)
|
|
Batting: LHB Preston Cash
|
0-0: Called Strike Ozzie Guillen is caught stealing 2nd base 2-6
|
| Bottom of the 3rd over - 0 runs, 0 hits, 1 error, 0 left on base; Winston-Salem 0 - Greensboro 1 |
| TOP OF THE 4TH |
|
Winston-Salem Spirits batting - Pitching for Greensboro Hornets : RHP Mark Dacko
|
|
Batting: RHB Craig Robinson
|
0-0: Fly out, F9 (Flyball, 89D, EV 103.1 MPH)
|
|
Batting: LHB Jerome Coleman
|
0-0: Ball 1-0: Called Strike 1-1: Foul Ball, location: 2F 1-2: Strikes out swinging
|
|
Batting: RHB Greg Olson
|
0-0: Ground out 3-1 (Groundball, 34, EV 88.1 MPH)
|
| Top of the 4th over - 0 runs, 0 hits, 0 errors, 0 left on base; Winston-Salem 0 - Greensboro 1 |
| BOTTOM OF THE 4TH |
|
Greensboro Hornets batting - Pitching for Winston-Salem Spirits : RHP David Wilhelmi
|
|
Batting: LHB Preston Cash
|
0-0: Called Strike 0-1: Foul Ball, location: 2F 0-2: Ball 1-2: Ball 2-2: Strikes out looking
|
|
Batting: LHB Fernando Vazquez
|
0-0: Ball 1-0: Swinging Strike 1-1: Swinging Strike 1-2: Strikes out swinging
|
|
Batting: LHB Francisco Melendez
|
0-0: Swinging Strike 0-1: Ball 1-1: SINGLE (Flyball, 34D, EV 84.4 MPH)
|
|
Batting: RHB Bernardo Brito
|
0-0: Ball 1-0: Swinging Strike 1-1: Ball 2-1: Foul Ball, location: 2F 2-2: Fly out, F9 (Flyball, 89M, EV 75.0 MPH)
|
| Bottom of the 4th over - 0 runs, 1 hit, 0 errors, 1 left on base; Winston-Salem 0 - Greensboro 1 |
| TOP OF THE 5TH |
|
Winston-Salem Spirits batting - Pitching for Greensboro Hornets : RHP Mark Dacko
|
|
Batting: RHB Angelo Ross
|
0-0: Called Strike 0-1: Ball 1-1: Swinging Strike 1-2: Foul Ball, location: 2F 1-2: Foul Ball, location: 2F 1-2: Fly out, F7 (Flyball, 7, EV 93.8 MPH)
|
|
Batting: RHB Larry Reasonover
|
0-0: Foul Ball, location: 2F 0-1: Swinging Strike 0-2: Ball 1-2: Strikes out swinging
|
|
Batting: RHB Ell Roberson
|
0-0: Ball 1-0: Swinging Strike 1-1: Swinging Strike 1-2: Foul Ball, location: 2F 1-2: Strikes out swinging
|
| Top of the 5th over - 0 runs, 0 hits, 0 errors, 0 left on base; Winston-Salem 0 - Greensboro 1 |
| BOTTOM OF THE 5TH |
|
Greensboro Hornets batting - Pitching for Winston-Salem Spirits : RHP David Wilhelmi
|
|
Batting: LHB Stephen DeMatties
|
0-0: Ball 1-0: Ball 2-0: Ball 3-0: Called Strike 3-1: Foul Ball, location: 2F 3-2: Base on Balls
|
|
Batting: LHB John Hughes
|
0-0: Bunted foul 0-1: Bunted foul 0-2: Foul Ball, location: 2F 0-2: Ball 1-2: DOUBLE (Line Drive, 8LXD, EV 103.1 MPH) Stephen DeMatties to third Runner from 3rd tries for Home, SAFE, no throw by CF
|
|
Batting: RHB Ed Romero
|
0-0: Bunted foul 0-1: Bunted foul 0-2: Foul Ball, location: 2F 0-2: Ball 1-2: SINGLE (Flyball, 6D, EV 89.4 MPH) John Hughes to third
|
|
Batting: LHB Ozzie Guillen
|
0-0: Ball 1-0: Ball 2-0: Ball 3-0: Called Strike 3-1: Base on Balls Ed Romero to second
|
|
Batting: SHB Mark Bailey
|
0-0: Ball 1-0: Ball 2-0: Ball 3-0: Base on Balls John Hughes scores Ed Romero to third Ozzie Guillen to second
|
|
Batting: LHB Preston Cash
|
0-0: Foul Ball, location: 2F 0-1: Ball 1-1: GRAND SLAM HOME RUN (Flyball, 89XD, EV 100.0 MPH), Distance : 412 ft
|
|
Pitching: RHP Rusty Shelton
|
|
|
Batting: LHB Fernando Vazquez
|
0-0: Foul Ball, location: 2F 0-1: Swinging Strike 0-2: Ball 1-2: Ball 2-2: SINGLE (Line Drive, 4D, EV 98.1 MPH)
|
|
Batting: LHB Francisco Melendez
|
0-0: Ball 1-0: Fielders Choice at 2nd, 6-4 (Groundball, 6MS, EV 88.1 MPH)
|
|
Batting: RHB Bernardo Brito
|
0-0: Called Strike 0-1: Ball 1-1: Foul Ball, location: 2F 1-2: Strikes out swinging
|
|
Batting: LHB Stephen DeMatties
|
0-0: Ground out 4-3 (Groundball, 4, EV 82.5 MPH)
|
| Bottom of the 5th over - 6 runs, 4 hits, 0 errors, 1 left on base; Winston-Salem 0 - Greensboro 7 |
| TOP OF THE 6TH |
|
Winston-Salem Spirits batting - Pitching for Greensboro Hornets : RHP Mark Dacko
|
|
Batting: RHB Kelly Miller
|
0-0: Ball 1-0: Ball 2-0: Ball 3-0: Called Strike 3-1: Fly out, F7 (Flyball, 7S, EV 92.5 MPH)
|
|
Batting: SHB Mark Wiesler
|
0-0: Swinging Strike 0-1: Fly out, F4 (Line Drive, 4, EV 70.6 MPH)
|
|
Batting: RHB Buddy Bailey
|
0-0: Ball 1-0: Called Strike 1-1: Ball 2-1: Foul Ball, location: 2F 2-2: Ball 3-2: SINGLE (Groundball, 56D, EV 102.5 MPH)
|
|
Batting: RHB Craig Robinson
|
0-0: Foul Ball, location: 2F 0-1: Called Strike 0-2: Ground out 4-3 (Groundball, 4, EV 77.5 MPH)
|
| Top of the 6th over - 0 runs, 1 hit, 0 errors, 1 left on base; Winston-Salem 0 - Greensboro 7 |
| BOTTOM OF THE 6TH |
|
Greensboro Hornets batting - Pitching for Winston-Salem Spirits : RHP Rusty Shelton
|
|
Batting: LHB John Hughes
|
0-0: Called Strike 0-1: Foul Ball, location: 2F 0-2: Ball 1-2: Ground out 4-3 (Groundball, 4, EV 83.1 MPH)
|
|
Batting: RHB Ed Romero
|
0-0: Ball 1-0: Called Strike 1-1: Foul Ball, location: 2F 1-2: Foul Ball, location: 2F 1-2: Ball 2-2: Ball 3-2: Foul Ball, location: 2F 3-2: Base on Balls
|
|
Batting: LHB Ozzie Guillen
|
0-0: Called Strike 0-1: Fielders Choice at 2nd, 5-4 (Groundball, 56, EV 85.6 MPH)
|
|
Batting: SHB Mark Bailey
|
0-0: Ball 1-0: Foul Ball, location: 2F 1-1: Foul Ball, location: 2F 1-2: Ball 2-2: Foul Ball, location: 2F 2-2: Strikes out looking
|
| Bottom of the 6th over - 0 runs, 0 hits, 0 errors, 1 left on base; Winston-Salem 0 - Greensboro 7 |
| TOP OF THE 7TH |
|
Winston-Salem Spirits batting - Pitching for Greensboro Hornets : RHP Mark Dacko
|
|
Pinch Hitting: RHB Venson Davis
|
0-0: Foul Ball, location: 2F 0-1: Foul Ball, location: 2F 0-2: Ball 1-2: Ball 2-2: Fly out, F9 (Flyball, 89XD, EV 105.6 MPH)
|
|
Batting: RHB Greg Olson
|
0-0: Called Strike 0-1: Foul Ball, location: 2F 0-2: Ball 1-2: Fly out, F7 (Flyball, 78M, EV 87.5 MPH)
|
|
Pinch Hitting: RHB Carl Gardner
|
0-0: Called Strike 0-1: Swinging Strike 0-2: Foul Ball, location: 2F 0-2: Ball 1-2: Strikes out swinging
|
| Top of the 7th over - 0 runs, 0 hits, 0 errors, 0 left on base; Winston-Salem 0 - Greensboro 7 |
| BOTTOM OF THE 7TH |
|
Greensboro Hornets batting - Pitching for Winston-Salem Spirits : RHP Rusty Shelton
|
|
Now in LF: Venson Davis
|
|
|
Now in RF: Paul Niggebrugge
|
|
|
Batting: LHB Preston Cash
|
0-0: DOUBLE (Groundball, 3L, EV 102.5 MPH)
|
|
Batting: LHB Fernando Vazquez
|
0-0: SINGLE (Line Drive, 6D, EV 95.0 MPH) Preston Cash to third
|
|
Batting: LHB Francisco Melendez
|
0-0: Ball 1-0: Fly out, F8 (Flyball, 8RXD, EV 76.9 MPH) Runner from 3rd tags up, SCORES, no throw by CF
|
|
Batting: RHB Bernardo Brito
|
0-0: Called Strike 0-1: Ball 1-1: Grounds into double play, 1-4-3 (Groundball, P, EV 69.4 MPH)
|
| Bottom of the 7th over - 1 run, 2 hits, 0 errors, 0 left on base; Winston-Salem 0 - Greensboro 8 |
| TOP OF THE 8TH |
|
Winston-Salem Spirits batting - Pitching for Greensboro Hornets : RHP Mark Dacko
|
|
Pinch Hitting: LHB Grant Alpaugh
|
0-0: Foul Ball, location: 2F 0-1: Ground out 4-3 (Groundball, 4M, EV 90.0 MPH)
|
|
Batting: RHB Ell Roberson
|
0-0: Fly out, F9 (Flyball, 89M, EV 91.9 MPH)
|
|
Batting: RHB Kelly Miller
|
0-0: Ball 1-0: Foul Ball, location: 2F 1-1: Ball 2-1: Ball 3-1: Fly out, F8 (Flyball, 8LD, EV 95.6 MPH)
|
| Top of the 8th over - 0 runs, 0 hits, 0 errors, 0 left on base; Winston-Salem 0 - Greensboro 8 |
| BOTTOM OF THE 8TH |
|
Greensboro Hornets batting - Pitching for Winston-Salem Spirits : RHP Rusty Shelton
|
|
Now at 3B: Grant Alpaugh
|
|
|
Batting: LHB Stephen DeMatties
|
0-0: Swinging Strike 0-1: Swinging Strike 0-2: Foul Ball, location: 2F 0-2: Strikes out swinging
|
|
Batting: LHB John Hughes
|
0-0: Foul Ball, location: 2F 0-1: Ball 1-1: Ball 2-1: Ball 3-1: Base on Balls
|
|
Pitching: LHP Dominick Bullinger
|
|
|
Batting: RHB Ed Romero
|
0-0: Fly out, F7 (Flyball, 7LM, EV 87.5 MPH)
|
|
Batting: LHB Ozzie Guillen
|
0-0: Foul Ball, location: 2F 0-1: Ball 1-1: Fielders Choice at 2nd, 6-4 (Groundball, 6, EV 81.3 MPH)
|
| Bottom of the 8th over - 0 runs, 0 hits, 0 errors, 1 left on base; Winston-Salem 0 - Greensboro 8 |
| TOP OF THE 9TH |
|
Winston-Salem Spirits batting - Pitching for Greensboro Hornets : RHP Mark Dacko
|
|
Batting: SHB Mark Wiesler
|
0-0: Called Strike 0-1: Ball 1-1: Swinging Strike 1-2: Foul Ball, location: 2F 1-2: Ball 2-2: Foul Ball, location: 2F 2-2: Ball 3-2: Base on Balls
|
|
Pitching: LHP Ken Angulo
|
|
|
Batting: RHB Buddy Bailey
|
0-0: Ball 1-0: Foul Ball, location: 2F 1-1: Ball 2-1: Foul Ball, location: 2F 2-2: Strikes out swinging
|
|
Batting: RHB Craig Robinson
|
0-0: Ball 1-0: Called Strike 1-1: Foul Ball, location: 2F 1-2: Strikes out swinging
|
|
Batting: RHB Venson Davis
|
0-0: Ball 1-0: Called Strike 1-1: Ball 2-1: Foul Ball, location: 2F 2-2: Strikes out swinging
|
| Top of the 9th over - 0 runs, 0 hits, 0 errors, 1 left on base; Winston-Salem 0 - Greensboro 8 |
|